 Dungeon Crawl Stone Soup version 0.18.1-50-g88ac8fd (webtiles) character file.

197 lorenzova the Conjurer (level 5, -7/28 HPs)
             Began as a Deep Elf Conjurer on Oct 23, 2016.
             Mangled by an ice beast (12 damage)
             ... on level 2 of the Dungeon.
             The game lasted 00:08:37 (3592 turns).

lorenzova the Conjurer (Deep Elf Conjurer)          Turns: 3592, Time: 00:08:39

Health: -7/28      AC:  2    Str:  2 (5)  XL:     5   Next: 46%
Magic:  2/15       EV: 13    Int: 19 (21) God:
Gold:   171        SH:  0    Dex: 14 (15) Spells: 2 memorised, 10 levels left

rFire  . . .     SeeInvis .     i - +0 short sword
rCold  . . .     Gourm    .     a - +0 robe
rNeg   . . .     Faith    .     (no shield)
rPois  .         Spirit   .     (no helmet)
rElec  .         Dismiss  .     (no cloak)
rCorr  .         Reflect  .     (no gloves)
SustAt .         Harm     .     (no boots)
MR     .....                    (no amulet)
Stlth  ++........               (no ring)
                                (no ring)

@: not resistant to hostile enchantments, unstealthy
A: no striking features
a: no special abilities


You were on level 2 of the Dungeon.
You were very hungry.

You visited 1 branch of the dungeon, and saw 3 of its levels.

You collected 171 gold pieces.

Inventory:

Hand Weapons
 i - a +0 short sword (weapon)
Armour
 a - a +0 robe (worn)
Scrolls
 d - a scroll of recharging {unknown}
 e - a scroll of remove curse {unknown}
 j - a scroll of noise {unknown}
 k - a scroll of immolation {unknown}
 o - 2 scrolls of fear {unknown}
Potions
 g - a potion of brilliance {unknown}
 m - a potion of mutation {unknown}
 n - 2 potions of cure mutation {unknown}
 p - a potion of curing {unknown}
 q - a potion of might {unknown}
Books
 b - a book of Conjurations

   Spells                             Type                      Level
   a - Magic Dart                     Conjuration                  1
   b - Searing Ray                    Conjuration                  2
   c - Dazzling Spray                 Conjuration/Hexes            3
   d - Fulminant Prism                Conjuration/Hexes            4
   e - Iskenderun's Mystic Blast      Conjuration                  4
   f - Iskenderun's Battlesphere      Conjuration/Charms           5
Comestibles
 c - 2 bread rations
 h - 3 beef jerkies
 l - 7 fruits


   Skills:
 - Level 2.4 Dodging
 - Level 2.4 Stealth
 + Level 5.8 Spellcasting
 + Level 6.1 Conjurations


You had 10 spell levels left.
You knew the following spells:

 Your Spells              Type           Power        Failure   Level  Hunger
a - Magic Dart            Conj           ####         1%          1    None
b - Iskenderun's Mystic   Conj           ####....     12%         4    ####...


Dungeon Overview and Level Annotations

Branches:
Dungeon (3/15)

Altars:
Kikubaaqudgha
Pakellas
Vehumet


Message History

Confirm with . or Enter, or press ? or * to list all spells.
Aiming: Iskenderun's Mystic Blast
Press: ? - help, Shift-Dir - straight line, f/p - ice beast
Aim: an ice beast (severely wounded)
The orb of energy hits the ice beast.
The ice beast is severely wounded.
The ice beast hits you. The ice beast freezes you.
A gnoll comes into view.
There is a stone staircase leading up here.
The ice beast hits you. The ice beast freezes you.
You climb upwards.
There is a stone staircase leading down here.
Drink which item? (? for menu, Esc to quit)
It was a potion of degeneration.
There was something very wrong with that liquid.
You feel weakened.
You feel dopey.
You feel clumsy. The ice beast hits you.
* * * LOW HITPOINT WARNING * * *
The ice beast freezes you!
You die...

##################.######.#
...................##.....#
###############.......###.#
.............##.##.######.#
.###########.#.)##.#..)...#
.# #.#<.##.#.######
.######### #.#..##.#.#
.........###.#..##.#.#
................@#.#.#
######.#####.#.Y.#.#.#
...........#.#...#.#.#
######.###.#.#...#.#.#
######'###.#.#...#.#.#
...........#.#...#.#.#
...........#.#...#(#.#
...........#.#.....#.#
......†....#.#..####.###


You could see an ice beast.

Vanquished Creatures
  The ghost of raph the Magician, an amateur DEWz (D:3)
  A hound zombie (D:3)
  4 adders
  An ooze (D:1)
  5 worms
  4 giant geckos
  An orc (D:3)
  2 giant cockroaches
  3 hobgoblins
  6 jackals
  A quokka (D:3)
  7 bats
  7 giant newts
  4 goblins
  12 kobolds
  3 rats
62 creatures vanquished.

Notes
Turn   | Place    | Note
--------------------------------------------------------------
     0 | D:1      | lorenzova the Deep Elf Conjurer began the quest for the Orb.
     0 | D:1      | Reached XP level 1. HP: 10/10 MP: 6/6
   360 | D:1      | Reached XP level 2. HP: 15/15 MP: 5/8
   971 | D:1      | Reached XP level 3. HP: 19/19 MP: 7/10
  1043 | D:1      | Reached skill level 5 in Conjurations
  1189 | D:2      | Found an oddly glowing altar of Pakellas.
  1789 | D:2      | Reached XP level 4. HP: 24/24 MP: 10/12
  1795 | D:2      | Learned a level 4 spell: Iskenderun's Mystic Blast
  2413 | D:2      | Found an ancient bone altar of Kikubaaqudgha.
  2511 | D:2      | Reached skill level 5 in Spellcasting
  2869 | D:3      | Noticed an ice beast
  3035 | D:3      | Found a radiant altar of Vehumet.
  3077 | D:3      | Noticed raph's ghost (amateur DEWz)
  3082 | D:3      | Killed raph's ghost
  3082 | D:3      | Reached skill level 6 in Conjurations
  3082 | D:3      | Reached XP level 5. HP: 28/28 MP: 4/15
  3592 | D:2      | Mangled by an ice beast

Skill      XL: |  1  2  3  4 |
---------------+-------------+-----
Spellcasting   | 4 5 |  5.8
Conjurations   | 5 6 |  6.1
Dodging        | |  2.4
Stealth        | |  2.4

Action                   |  1- 3 |  4- 6 || total
-------------------------+-------+-------++-------
Melee: Short sword       |     1 |       ||     1
 Cast: Magic Dart        |    89 |    70 ||   159
       Iskenderun's Myst |       |     9 ||     9
  Use: Potion            |       |     1 ||     1
  Eat: Chunk             |     2 |     6 ||     8
Armor: Robe              |     2 |     1 ||     3
Dodge: Dodged            |    14 |    12 ||    26
